 Dungeon Crawl Stone Soup version 0.29-a0-322-g68df515428 (webtiles) character file.

Game seed: 3535101054859600903

45 GigaChad the Skirmisher (level 3, -1/33 HPs)
             Began as a Draconian Chaos Knight on Apr 7, 2022.
             Was a Plaything of Xom.
             Slain by a gnoll
             ... wielding a +0 halberd
              (9 damage)
             ... on level 2 of the Dungeon.
             The game lasted 00:04:07 (1383 turns).

GigaChad the Skirmisher (Draconian Chaos Knight)    Turns: 1383, Time: 00:04:07

Health: -1/33      AC:  5    Str: 14    XL:     3   Next: 42%
Magic:  3/3        EV: 12    Int: 12    God:    Xom [..*...]
Gold:   37         SH:  0    Dex: 12    Spells: 2/2 levels left

rFire   . . .      SeeInvis .   a - +0 falchion (chaos)
rCold   . . .      Faith    .   (no shield)
rNeg    . . .      Spirit   .   (body armour unavailable)
rPois   .          Reflect  .   (helmet restricted)
rElec   .          Harm     .   (no cloak)
rCorr   .          Rampage  .   (no gloves)
Will    .....                   (no boots)
Stlth   +.........              (no amulet)
HPRegen 0.11/turn               (no ring)
MPRegen 0.08/turn               (no ring)

@: no status effects
A: AC +5, unfitting armour, cold-blooded
a: Renounce Religion


You were on level 2 of the Dungeon.
You worshipped Xom.
You were a toy of Xom.
You visited 1 branch of the dungeon, and saw 2 of its levels.

You collected 37 gold pieces.

Inventory:

Hand Weapons
 a - a +0 falchion of chaos (weapon)
 e - a +2 antimagic hand axe
Scrolls
 d - a scroll of amnesia {unknown}
 f - a scroll of enchant weapon {unknown}
 i - a scroll of torment {unknown}
 j - a scroll of noise {unknown}
 k - a scroll of teleportation {unknown}
 m - a scroll of holy word {unknown}
 o - 3 scrolls of identify {unknown}
Potions
 c - a potion of heal wounds {unknown}
 g - a potion of cancellation {unknown}
 h - a potion of curing {unknown}
 l - a potion of attraction {unknown}
 n - 2 potions of mutation {unknown}
Miscellaneous
 b - a piece from Xom's chessboard (12/15) (quivered)


   Skills:
 + Level 3.8 Fighting
 + Level 3.6 Long Blades
 + Level 2.7 Dodging


You had 2 spell levels left.
You didn't know any spells.
Your spell library was empty.

Dungeon Overview and Level Annotations

Branches:
Dungeon (2/15)

Altars:


Innate Abilities, Weirdness & Mutations

Your plain brown scales are hard. (AC +5)
You cannot fit into any form of body armour.
You are cold-blooded and may be slowed by cold attacks.


Message History

You hit the hobgoblin. You burn the hobgoblin.
You kill the hobgoblin!
The bat hits you but does no damage. The bat hits you.
The bat hits you but does no damage. The bat barely misses you.
The bat hits you but does no damage. The bat barely misses you.
You see here a +0 club.
You barely miss the bat. You tail-slap the bat.
You kill the bat!
o - 3 scrolls labelled YLEILYUREE You are now a toy of Xom.
A gnoll comes into view. It is wielding a +0 halberd.
The gnoll shouts!
You hear a shout!
A gnoll comes into view. It is wielding a +0 halberd.
A gnoll comes into view. It is wielding a +0 spear.
The gnoll shouts! x2
A gnoll comes into view. It is wielding a +0 flail.
A ball python comes into view.
You make a move on Xom's chessboard...
The gnoll resists with significant effort.
The gnoll closely misses you.
You make a move on Xom's chessboard...
The ball python hisses angrily.
The ball python struggles to resist.
The gnoll hits you from afar with a +0 halberd!
The gnoll barely misses you.
You make a move on Xom's chessboard...
The gnoll is outlined in light.
The gnoll barely misses you. The gnoll closely misses you.
The gnoll barely misses you. The gnoll hits you with a +0 halberd.
The gnoll hits you with a +0 halberd!
* * * LOW HITPOINT WARNING * * *
You hit the gnoll but do no damage. You tail-slap the gnoll.
The gnoll is moderately wounded.
The gnoll barely misses you. The gnoll closely misses you.
You hit the gnoll but do no damage.
The gnoll is moderately wounded.
The gnoll completely misses you. The gnoll hits you with a +0 halberd!
You die...
Xom snickers!

.... .... ..###....
#........ #........
#...##... #g...#
####S#..# #..gg####
#..@.#### #.......#
####### #...###.#
#.....# #...# #.#
#.....#
#...###.###.....#
#...............#
#.....)...#.....####
##....†...#.........
#.....>..#.##......


You could see 3 gnolls and a ball python.

Vanquished Creatures
  A worm (D:2)
  2 dart slugs
  3 bats
  3 endoplasms
  5 giant cockroaches (D:1)
  6 goblins
  3 hobgoblins
  A kobold (D:1)
  2 quokkas
  3 ball pythons (D:1)
  2 frilled lizards (D:1)
  A rat (D:1)
32 creatures vanquished.

Notes
Turn   | Place    | Note
-------+----------+-------------------------------------------
     0 | D:1      | GigaChad the Draconian Chaos Knight began the quest for the
                  | Orb.
     0 | D:1      | Reached XP level 1. HP: 19/19 MP: 1/1
   111 | D:1      | XOM: silly message
   122 | D:1      | XOM: potion effect (brilliance)
   156 | D:1      | Reached XP level 2. HP: 18/26 MP: 2/2
   370 | D:1      | XOM is BORED!
   370 | D:1      | XOM: 2-stop teleportation journey
   560 | D:1      | XOM: 6-stop teleportation journey
   668 | D:1      | Reached XP level 3. HP: 13/33 MP: 3/3
   882 | D:1      | XOM: noise
  1116 | D:2      | XOM: divination: detect items
  1383 | D:2      | Slain by a gnoll

Illustrated notes

Levels and vault maps discovered:
D:1:      evilmike_arrival_hilbert_curve, layout_rooms,
          shapermc_ecumenical_altar_mp_vishouse, nrook_campfire
D:2:      layout_basic, minivault_4

Action                   || total
-------------------------++-------
Melee: Falchion          ||    91
       Tailslap          ||     4
Evoke: Piece from Xom's  ||     3
 Stab: Sleeping          ||     1
Armor: Skin              ||    42
Dodge: Dodged            ||    93

Table legend: (Time is in decaauts)
 A = Elapsed time spent in this place.
 B = Non-inter-level travel time spent in this place.
 C = Inter-level travel time spent in this place.
 D = Time resting spent in this place.
 E = Time spent auto-exploring this place.
 F = Levels seen in this place.
 G = Mean time per level.
                   A        B        C        D        E       F      G
               +--------+--------+--------+--------+--------+-----+--------+
         Total |   1396 |   1396 |      0 |    396 |    311 |   2 |  698.0 |
       Dungeon |   1396 |   1396 |      0 |    396 |    311 |   2 |  698.0 |
               +--------+--------+--------+--------+--------+-----+--------+

Top non-repeatable levels by time:
     D:1: 973 daAuts
     D:2: 423 daAuts
